[Event "Athens of East GM-Open 2019"]
[Site "Madurai"]
[Date "2019.08.12"]
[Round "2.19"]
[White "Sahoo, Utkal Ranjan"]
[Black "Manthan Kashyap Datta"]
[Result "1-0"]
[ECO "A45"]
[WhiteElo "2278"]
[BlackElo "1861"]
[Annotator "ChessBase"]
[PlyCount "107"]
[EventDate "2019.08.11"]
[EventType "swiss"]
[EventCountry "IND"]
[SourceTitle "playchess.com"]
[Source "ChessBase"]
[SourceQuality "1"]
[TimeControl "5400+30"]

1. d4 Nf6 2. Bg5 Ne4 3. Bf4 c5 4. d5 Qa5+ 5. c3 Qb6 6. Bc1 e6 7. f3 Nf6 8. e4 exd5 9. exd5 Be7 10. Na3 d6 11. Nc4 Qc7 12. a4 O-O 13. Ne2 Nh5 14. Kf2 f5 15. Nf4 Nxf4 16. Bxf4 Nd7 17. Qd2 Nf6 18. Re1 Re8 19. h4 Bd7 20. Rxe7 Rxe7 21. Bxd6 Qd8 22. Bxe7 Qxe7 23. d6 Qe6 24. Na3 Kh8 25. Bc4 Qe5 26. Bb5 Bxb5 27. axb5 Rd8 28. Nc4 Qe6 29. Qe2 Qxe2+ 30. Kxe2 Kg8 31. Ra1 Ra8 32. Kf2 Nd7 33. Re1 Rf8 34. Na5 b6 35. Nc6 Nf6 36. Ne7+ Kh8 37. Nxf5 g6 38. Ng3 Rd8 39. Rd1 Kg7 40. Ne4 Nxe4+ 41. fxe4 Kf6 42. Kf3 Ke6 43. d7 Rxd7 44. Rxd7 Kxd7 45. Kf4 Ke6 46. c4 h6 47. e5 Ke7 48. Ke4 Ke6 49. g4 h5 50. g5 Ke7 51. Kd5 Kd7 52. e6+ Ke8 53. Ke5 Ke7 54. b3 1-0

[Event "Athens of East GM-Open 2019"]
[Site "Madurai"]
[Date "2019.08.13"]
[Round "4.4"]
[White "Raja Rithvik R"]
[Black "Mosadeghpour, Masoud"]
[Result "1/2-1/2"]
[ECO "D35"]
[WhiteElo "2357"]
[BlackElo "2494"]
[Annotator "RC"]
[PlyCount "102"]
[EventDate "2019.08.11"]
[EventType "swiss"]
[EventCountry "IND"]
[SourceTitle "playchess.com"]
[Source "ChessBase"]
[SourceQuality "1"]
[TimeControl "5400+30"]

1. d4 d5 2. c4 e6 3. Nc3 Nf6 4. cxd5 exd5 5. Bg5 Be7 6. e3 h6 7. Bh4 O-O 8. Bd3 c5 9. dxc5 Nbd7 10. Nf3 Nxc5 11. O-O Bg4 12. Be2 Nce4 13. Nxe4 dxe4 14. Nd4 Bxe2 15. Qxe2 Qd5 16. Rfd1 a6 17. Rac1 Rac8 18. a3 Rfd8 19. h3 Kh7 20. Rc2 Rxc2 21. Qxc2 g5 22. Bg3 Nh5 23. Rd2 Nxg3 24. fxg3 Bc5 25. b4 Bb6 26. g4 Qe5 27. Qc4 Kg6 28. Rf2 Qd5 29. Qxd5 Rxd5 30. Rd2 Kf6 31. Rf2+ Ke7 32. Rf5 Rd7 33. Re5+ Kd6 34. Rf5 Ke7 35. Re5+ Kd6 36. Rf5 Bxd4 37. exd4 Kc6 38. Rc5+ Kb6 39. d5 Rc7 40. d6 Rd7 41. Re5 Rxd6 42. Rxe4 Rd1+ 43. Kh2 Ra1 44. Re3 Rf1 45. Re5 Kc6 46. Rc5+ Kb6 47. Re5 f6 48. Rd5 Ra1 49. Ra5 Ka7 50. b5 Rd1 51. bxa6 b6 1/2-1/2

[Event "Athens of East GM-Open 2019"]
[Site "Madurai"]
[Date "2019.08.13"]
[Round "4.8"]
[White "Vasquez Schroeder, Rodrigo"]
[Black "Lakshmi Narayanan M V"]
[Result "1-0"]
[ECO "E17"]
[WhiteElo "2496"]
[BlackElo "2166"]
[Annotator "RC"]
[PlyCount "84"]
[EventDate "2019.08.11"]
[EventType "swiss"]
[EventCountry "IND"]
[SourceTitle "playchess.com"]
[Source "ChessBase"]
[SourceQuality "1"]
[TimeControl "5400+30"]

1. Nf3 Nf6 2. c4 b6 3. g3 e6 4. Bg2 Bb7 5. O-O Be7 6. d4 O-O 7. Re1 d5 8. cxd5 exd5 9. Nc3 Nbd7 10. Bf4 c6 11. Qc2 Bb4 12. a3 Bxc3 13. Qxc3 Ne4 14. Qc2 c5 15. Rad1 Qe7 16. dxc5 Ndxc5 17. Nd4 Rac8 18. Qb1 Qf6 19. Bh3 Ne6 20. Be3 Rc4 21. Nxe6 fxe6 22. f3 Nd6 23. b3 Rc7 24. Rc1 Re7 25. Qd3 e5 26. Rf1 d4 27. Bd2 Rd8 28. a4 Nf7 29. Bb4 Ree8 30. Rc7 Ng5 31. Bd7 Bd5 32. Bxe8 Rxe8 33. Qb5 Bf7 34. Be7 Nh3+ 35. Kg2 Qh6 36. Qxe5 d3 37. exd3 Be6 38. Re1 Bc8 39. Re2 Qg6 40. Re4 h5 41. Rxc8 Rxc8 42. Kxh3 Re8 1-0

[Event "Athens of East GM-Open 2019"]
[Site "Madurai"]
[Date "2019.08.14"]
[Round "5.16"]
[White "Arnav Maheshwari"]
[Black "Saravana, Krishnan P."]
[Result "1/2-1/2"]
[ECO "C03"]
[WhiteElo "1966"]
[BlackElo "2277"]
[Annotator "NA"]
[PlyCount "64"]
[EventDate "2019.08.11"]
[EventType "swiss"]
[EventCountry "IND"]
[SourceTitle "playchess.com"]
[Source "ChessBase"]
[SourceQuality "1"]
[TimeControl "5400+30"]

1. e4 e6 2. d4 d5 3. Nd2 h6 4. Ngf3 Nf6 5. Bd3 c5 6. exd5 exd5 7. Qe2+ Be7 8. dxc5 O-O 9. O-O Bxc5 10. Nb3 Re8 11. Qd1 Bb6 12. Re1 Nc6 13. h3 Bd7 14. c3 Qc7 15. Nbd4 Rxe1+ 16. Qxe1 Re8 17. Be3 Ne5 18. Nxe5 Qxe5 19. Qf1 Qd6 20. Bb5 Re4 21. Bxd7 Qxd7 22. Re1 Qa4 23. Ra1 Qe8 24. Qd3 Nd7 25. Nc2 Qe5 26. Rd1 Bc7 27. Qxd5 Qh2+ 28. Kf1 Nf6 29. Qxb7 Kh7 30. Rd4 Re7 31. Rd1 Re4 32. Qc8 Bb6 1/2-1/2

[Event "Athens of East GM-Open 2019"]
[Site "Madurai"]
[Date "2019.08.14"]
[Round "5.18"]
[White "Ayushh Ravikumar"]
[Black "Sahoo, Utkal Ranjan"]
[Result "0-1"]
[ECO "E10"]
[WhiteElo "1946"]
[BlackElo "2278"]
[Annotator "ChessBase"]
[PlyCount "176"]
[EventDate "2019.08.11"]
[EventType "swiss"]
[EventCountry "IND"]
[SourceTitle "playchess.com"]
[Source "ChessBase"]
[SourceQuality "1"]
[TimeControl "5400+30"]

1. d4 Nf6 2. Nf3 e6 3. c4 c5 4. d5 b5 5. e4 Nxe4 6. Bd3 Nf6 7. O-O d6 8. dxe6 Bxe6 9. cxb5 Be7 10. Ng5 Bg4 11. Qc2 h6 12. Ne4 Nbd7 13. Bf4 O-O 14. h3 Bh5 15. Nxf6+ Nxf6 16. g4 Bg6 17. Bxg6 fxg6 18. Qxg6 Kh8 19. Nc3 Qd7 20. Rad1 d5 21. Bxh6 gxh6 22. Qxh6+ Nh7 23. Rxd5 Qb7 24. Qc6 Qb8 25. Rh5 Rf7 26. Qe6 Qg8 27. Nd5 Bg5 28. f4 Re8 29. Qc6 Bd8 30. Qxc5 Qg7 31. Qc3 Bf6 32. Nxf6 Rxf6 33. g5 Rd6 34. Qxg7+ Kxg7 35. f5 Nf8 36. Rh4 Re3 37. Ra4 Rg3+ 38. Kh2 Rdd3 39. Rxa7+ Kg8 40. Rf4 Rxh3+ 41. Kg2 Rdg3+ 42. Kf2 Rxg5 43. b3 Rh6 44. Kf3 Rd6 45. Rg4 Rxg4 46. Kxg4 Nd7 47. Rc7 Kf7 48. a4 Kf6 49. Kf4 Ke7 50. Ke4 Kd8 51. Rc6 Rd1 52. a5 Ra1 53. a6 Ra5 54. b4 Rxb5 55. Rh6 Rxb4+ 56. Kd5 Rb5+ 57. Ke4 Ra5 58. Kf4 Ke7 59. Rh7+ Ke8 60. Rh8+ Nf8 61. Rh6 Ra4+ 62. Ke3 Nd7 63. Rc6 Ke7 64. Re6+ Kf7 65. Rc6 Ne5 66. Re6 Nd7 67. Rc6 Nf6 68. Rd6 Ne8 69. Rb6 Ng7 70. Kd3 Nxf5 71. Kc3 Ke7 72. Rb7+ Kd6 73. a7 Ne7 74. Kb3 Ra1 75. Kb2 Ra5 76. Kc3 Nc6 77. Rh7 Nxa7 78. Rh6+ Kc7 79. Kb4 Ra1 80. Kc5 Rc1+ 81. Kd5 Nc6 82. Ke4 Rd1 83. Rh7+ Kd6 84. Rh5 Rd4+ 85. Ke3 Ra4 86. Rg5 Ne7 87. Rh5 Nd5+ 88. Kd3 Nf4+ {[%emt 0:06:29] Kd4 Ke5+} 0-1

[Event "Athens of East GM-Open 2019"]
[Site "Madurai"]
[Date "2019.08.14"]
[Round "5.19"]
[White "Aaryan Varshney"]
[Black "Komal Srivatsav Sajja"]
[Result "1-0"]
[ECO "A59"]
[WhiteElo "2272"]
[BlackElo "1875"]
[Annotator "NA"]
[PlyCount "115"]
[EventDate "2019.08.11"]
[EventType "swiss"]
[EventCountry "IND"]
[SourceTitle "playchess.com"]
[Source "ChessBase"]
[SourceQuality "1"]
[TimeControl "5400+30"]

1. d4 Nf6 2. c4 c5 3. d5 b5 4. cxb5 a6 5. bxa6 g6 6. Nc3 Bxa6 7. e4 Bxf1 8. Kxf1 d6 9. g3 Bg7 10. Kg2 Nbd7 11. Nf3 O-O 12. Qe2 Ng4 13. Nd2 Ngf6 14. a4 Qc8 15. Nc4 Ra6 16. Nb5 Qb7 17. Ra3 Nb6 18. Nxb6 Rxb6 19. Rd1 Nd7 20. b3 Nb8 21. Bd2 Rc8 22. Ra2 Nd7 23. Rc2 Nf6 24. b4 Nd7 25. bxc5 Nxc5 26. Be3 Qa8 27. Bxc5 dxc5 28. Rc4 e6 29. Qf3 Rd8 30. dxe6 fxe6 31. Rxd8+ Qxd8 32. Rxc5 Rb7 33. Qb3 Qd7 34. Qc4 h6 35. Rc6 Kh7 36. Qxe6 Qxe6 37. Rxe6 Rb8 38. Re7 Ra8 39. Ra7 Re8 40. f3 Rd8 41. a5 Rb8 42. Nc7 Rb2+ 43. Kh3 Bd4 44. Ra8 Rb7 45. Nd5 Bg1 46. Kg2 Bd4 47. h4 h5 48. f4 Rb2+ 49. Kf1 Bf2 50. e5 Bxg3 51. Ra7+ Kg8 52. Ne7+ Kf8 53. Nxg6+ Ke8 54. e6 Rb8 55. Rg7 Kd8 56. Rg8+ Kc7 57. Rxb8 Kxb8 58. e7 1-0

[Event "Athens of East GM-Open 2019"]
[Site "Madurai"]
[Date "2019.08.14"]
[Round "6.1"]
[White "Konguvel, Ponnuswamy"]
[Black "Venkatesh, M.R."]
[Result "0-1"]
[ECO "C78"]
[WhiteElo "2343"]
[BlackElo "2480"]
[Annotator "ChessBase"]
[PlyCount "116"]
[EventDate "2019.08.11"]
[EventType "swiss"]
[EventCountry "IND"]
[SourceTitle "playchess.com"]
[Source "ChessBase"]
[SourceQuality "1"]
[TimeControl "5400+30"]

1. e4 e5 2. Nf3 Nc6 3. Bb5 a6 4. Ba4 Nf6 5. O-O Bc5 6. c3 b5 7. Bb3 d6 8. a4 Bg4 9. h3 Bxf3 10. Qxf3 Na5 11. Bc2 b4 12. d3 Rb8 13. Nd2 O-O 14. Rb1 b3 15. Bd1 Qd7 16. Ra1 d5 17. Qg3 Rfe8 18. Re1 Re6 19. Bf3 c6 20. exd5 cxd5 21. Nf1 Rbe8 22. Bh6 Bf8 23. Bg5 e4 24. dxe4 Nxe4 25. Bxe4 dxe4 26. Red1 Qc6 27. Ne3 Rg6 28. Qh4 h6 29. Bf4 Nc4 30. Nxc4 Qxc4 31. Rd4 Qe2 32. Rd2 Qf3 33. Bg3 Qf5 34. Qf4 Qe6 35. Re1 f5 36. Qc7 Rf6 37. f4 e3 38. Rde2 Qd5 39. Kh2 Bc5 40. Qa5 Rd6 41. Bf2 Qc4 42. Bg1 Re4 43. Kh1 Rde6 44. Qc7 Qd5 45. c4 Rxc4 46. Qb8+ Kh7 47. Qxb3 Rb6 48. Rd1 Qe4 49. Qd3 Qxd3 50. Rxd3 Rxf4 51. Bxe3 Rf1+ 52. Kh2 Re6 53. b4 Bxb4 54. Rb2 Bd6+ 55. g3 Rf3 56. Rbb3 f4 57. Bxf4 Re2+ 58. Kg1 Bc5+ 0-1

[Event "Athens of East GM-Open 2019"]
[Site "Madurai"]
[Date "2019.08.14"]
[Round "6.2"]
[White "Savchenko, Boris"]
[Black "Gupta, Abhijeet"]
[Result "1/2-1/2"]
[ECO "D75"]
[WhiteElo "2576"]
[BlackElo "2603"]
[Annotator "ChessBase"]
[PlyCount "60"]
[EventDate "2019.08.11"]
[EventType "swiss"]
[EventCountry "IND"]
[SourceTitle "playchess.com"]
[Source "ChessBase"]
[SourceQuality "1"]
[TimeControl "5400+30"]

1. Nf3 Nf6 2. g3 g6 3. Bg2 Bg7 4. O-O O-O 5. c4 c5 6. d4 cxd4 7. Nxd4 d5 8. cxd5 Nxd5 9. Nc3 Nxc3 10. bxc3 Nc6 11. Nxc6 bxc6 12. Be3 Be6 13. Bxc6 Rc8 14. Qa4 Qd6 15. Bf3 Rxc3 16. Rad1 Qa3 17. Qxa7 Qxa7 18. Bxa7 Bxa2 19. Rd7 Bf6 20. Bd4 Bxd4 21. Rxd4 Be6 22. Kg2 Rfc8 23. h4 Kg7 24. Rfd1 R3c4 25. Rxc4 Rxc4 26. Bd5 Bxd5+ 27. Rxd5 h5 28. Rd2 Rc6 29. Rb2 Rc7 30. Rb3 Rd7 1/2-1/2

[Event "Athens of East GM-Open 2019"]
[Site "Madurai"]
[Date "2019.08.14"]
[Round "6.3"]
[White "Smirnov, Pavel"]
[Black "Rathnakaran, K.."]
[Result "1-0"]
[ECO "A65"]
[WhiteElo "2574"]
[BlackElo "2344"]
[Annotator "ChessBase"]
[PlyCount "61"]
[EventDate "2019.08.11"]
[EventType "swiss"]
[EventCountry "IND"]
[SourceTitle "playchess.com"]
[Source "ChessBase"]
[SourceQuality "1"]
[TimeControl "5400+30"]

1. d4 Nf6 2. c4 c5 3. d5 e6 4. Nc3 exd5 5. cxd5 d6 6. e4 g6 7. Nge2 Bg7 8. Ng3 O-O 9. Be2 Na6 10. O-O Nc7 11. Bg5 h6 12. Be3 a6 13. Qd2 Kh7 14. e5 dxe5 15. Bxc5 Re8 16. Rfd1 e4 17. Rac1 Nb5 18. Nxb5 axb5 19. Bxb5 Bd7 20. Bxd7 Nxd7 21. Ba3 Qh4 22. d6 Ne5 23. Rc7 Ra4 24. Re7 Rd8 25. Qd5 e3 26. fxe3 Ng4 27. h3 Qxg3 28. hxg4 Rxg4 29. Rf1 Rc8 30. Qf3 Qh4 31. Rxf7 1-0

[Event "Athens of East GM-Open 2019"]
[Site "Madurai"]
[Date "2019.08.14"]
[Round "6.4"]
[White "Kunal, M.."]
[Black "Tukhaev, Adam"]
[Result "1/2-1/2"]
[ECO "B51"]
[WhiteElo "2306"]
[BlackElo "2541"]
[Annotator "ChessBase"]
[PlyCount "70"]
[EventDate "2019.08.11"]
[EventType "swiss"]
[EventCountry "IND"]
[SourceTitle "playchess.com"]
[Source "ChessBase"]
[SourceQuality "1"]
[TimeControl "5400+30"]

1. e4 c5 2. Nf3 d6 3. Bb5+ Nd7 4. c4 e5 5. d3 g6 6. O-O Bg7 7. Nc3 Ne7 8. Ne1 O-O 9. Bxd7 Bxd7 10. Nc2 f5 11. Bg5 Qe8 12. Nb5 Bxb5 13. Bxe7 Qxe7 14. cxb5 Bh6 15. Na3 d5 16. exd5 Rfd8 17. Qb3 Qf7 18. Nc4 Rxd5 19. Rfe1 Bg7 20. Qa3 Qe6 21. Ne3 Rd7 22. Qxc5 Rxd3 23. Rad1 b6 24. Qc4 Qxc4 25. Nxc4 Rad8 26. Rxd3 Rxd3 27. f3 Kf7 28. Nxe5+ Bxe5 29. Rxe5 Rd2 30. Re3 Rxb2 31. Ra3 Rxb5 32. Rxa7+ Kf6 33. a4 Ra5 34. Rb7 Rxa4 35. Rxb6+ Kg5 1/2-1/2

[Event "Athens of East GM-Open 2019"]
[Site "Madurai"]
[Date "2019.08.14"]
[Round "6.5"]
[White "Triapishko, Alexandr"]
[Black "Rajesh, V A V"]
[Result "1/2-1/2"]
[ECO "D77"]
[WhiteElo "2515"]
[BlackElo "2368"]
[Annotator "ChessBase"]
[PlyCount "97"]
[EventDate "2019.08.11"]
[EventType "swiss"]
[EventCountry "IND"]
[SourceTitle "playchess.com"]
[Source "ChessBase"]
[SourceQuality "1"]
[TimeControl "5400+30"]

1. Nf3 Nf6 2. g3 g6 3. Bg2 Bg7 4. O-O O-O 5. c4 d5 6. d4 Nc6 7. Na3 dxc4 8. Nxc4 Be6 9. b3 Nd7 10. Bb2 Nb6 11. Rc1 Bg4 12. h3 Nxc4 13. Rxc4 Be6 14. Rc2 Bd5 15. Re1 Be4 16. Rd2 Qd5 17. e3 Rfd8 18. Nh4 Bxg2 19. Nxg2 e5 20. e4 Qd7 21. d5 Nd4 22. Bxd4 exd4 23. Nf4 c6 24. e5 Re8 25. e6 Qd6 26. dxc6 bxc6 27. exf7+ Kxf7 28. Rde2 Bh6 29. Nd3 Bg7 30. h4 Bf6 31. Re4 Rxe4 32. Rxe4 Qd5 33. Re1 Re8 34. Rxe8 Kxe8 35. Qe2+ Kf7 36. Nf4 Qd6 37. Qe4 Be5 38. Nd3 Bg7 39. Kf1 Qe6 40. Qf4+ Qf5 41. Qc7+ Kg8 42. Qb8+ Bf8 43. Ke2 Qa5 44. a4 Qc3 45. Nf4 Qc2+ 46. Kf3 d3 47. Qe8 d2 48. Qe6+ Kg7 49. Qe5+ 1/2-1/2

[Event "Athens of East GM-Open 2019"]
[Site "Madurai"]
[Date "2019.08.14"]
[Round "6.6"]
[White "Vasquez Schroeder, Rodrigo"]
[Black "Nitin, S.."]
[Result "1-0"]
[ECO "E62"]
[WhiteElo "2496"]
[BlackElo "2385"]
[Annotator "ChessBase"]
[PlyCount "177"]
[EventDate "2019.08.11"]
[EventType "swiss"]
[EventCountry "IND"]
[SourceTitle "playchess.com"]
[Source "ChessBase"]
[SourceQuality "1"]
[TimeControl "5400+30"]

1. d4 Nf6 2. c4 g6 3. g3 Bg7 4. Bg2 O-O 5. Nc3 d6 6. Nf3 c6 7. O-O Bf5 8. Ne1 Be6 9. d5 cxd5 10. cxd5 Bd7 11. a4 a5 12. Qb3 Na6 13. Be3 Nb4 14. h3 Bf5 15. g4 Bc8 16. Nf3 h5 17. g5 Nd7 18. Nd4 Nc5 19. Qd1 Bd7 20. f4 Qc8 21. Kh2 Qe8 22. Ndb5 Qb8 23. Bd4 Bxd4 24. Nxd4 e5 25. dxe6 fxe6 26. e3 d5 27. Kg1 Kh7 28. Nf3 Ncd3 29. Qe2 Qa7 30. Kh1 Rac8 31. Rfd1 Nxb2 32. Qxb2 Qxe3 33. Ra3 Qxf4 34. Ne2 Qd6 35. Qe5 Qe7 36. Ned4 Nc2 37. Ra2 Nb4 38. Raa1 Rc4 39. Bf1 Rc5 40. Bd3 Rc3 41. Be2 Qc5 42. Rf1 Nc6 43. Qc7 Rf7 44. Nxc6 Qxc6 45. Qxc6 Bxc6 46. Kg1 Re3 47. Nd4 Rxf1+ 48. Bxf1 e5 49. Nxc6 bxc6 50. Rc1 Ra3 51. Rxc6 Rxa4 52. Rc7+ Kh8 53. Rc5 Rf4 54. Rxd5 h4 55. Rxa5 Rf5 56. Be2 Rxg5+ 57. Bg4 Kg7 58. Kf2 Kh6 59. Ke3 e4 60. Ra8 Re5 61. Kf4 Re7 62. Rh8+ Kg7 63. Rxh4 Re8 64. Be2 Rh8 65. Rg4 Rxh3 66. Kxe4 Kf6 67. Rf4+ Kg5 68. Rf8 Rh7 69. Ke3 Re7+ 70. Kf2 Re6 71. Rb8 Rf6+ 72. Kg3 Rf5 73. Bd3 Rd5 74. Be4 Rd6 75. Rb5+ Kf6 76. Kf4 Ra6 77. Rc5 Rb6 78. Bd3 Rb4+ 79. Bc4 Rb6 80. Rc7 g5+ 81. Kg4 Rb4 82. Rc6+ Ke7 83. Kf5 g4 84. Bd5 g3 85. Rg6 g2 86. Ke5 Rh4 87. Rg7+ Kf8 88. Rxg2 Rh7 89. Kd6 1-0

[Event "Athens of East GM-Open 2019"]
[Site "Madurai"]
[Date "2019.08.14"]
[Round "6.7"]
[White "Shyaamnikhil P"]
[Black "Aaryan Varshney"]
[Result "1-0"]
[ECO "B91"]
[WhiteElo "2456"]
[BlackElo "2272"]
[Annotator "ChessBase"]
[PlyCount "251"]
[EventDate "2019.08.11"]
[EventType "swiss"]
[EventCountry "IND"]
[SourceTitle "playchess.com"]
[Source "ChessBase"]
[SourceQuality "1"]
[TimeControl "5400+30"]

1. e4 c5 2. Nf3 d6 3. Nc3 Nf6 4. d4 cxd4 5. Nxd4 a6 6. g3 e5 7. Nf3 Be7 8. Bg2 O-O 9. a4 Be6 10. O-O h6 11. Re1 Nbd7 12. Nd2 Rc8 13. Nf1 Qc7 14. Ne3 Nc5 15. Bd2 Rfe8 16. f4 a5 17. f5 Bd7 18. Ned5 Nxd5 19. Nxd5 Qd8 20. b3 Bc6 21. Nxe7+ Qxe7 22. Qg4 Kh8 23. Bxa5 f6 24. Bb6 Ra8 25. a5 Rec8 26. Qe2 Qe8 27. Qd2 Qe7 28. Bf3 Nd7 29. Bf2 Rd8 30. b4 Nf8 31. c4 Be8 32. Red1 Bf7 33. Be2 Qe8 34. Bb6 Rdc8 35. Rac1 Qc6 36. Qd3 Be8 37. b5 Qd7 38. Qxd6 Qxd6 39. Rxd6 Bxb5 40. Bd3 Nd7 41. Be3 Bc6 42. Ra1 Nb8 43. Kf2 Na6 44. Rb1 Rd8 45. Rxd8+ Rxd8 46. Ke2 Kg8 47. Bb6 Rd7 48. g4 Kf7 49. h4 Kf8 50. Be3 Kf7 51. c5 Nc7 52. Bc4+ Kf8 53. Kf3 Rd8 54. g5 hxg5 55. hxg5 Ra8 56. gxf6 gxf6 57. Bd2 Rd8 58. Bc3 Ke7 59. Rh1 Nb5 60. Rh7+ Ke8 61. Be1 Nd4+ 62. Kf2 Bxe4 63. Rh6 Ke7 64. Rh7+ Ke8 65. Bf7+ Kf8 66. Bg6 Nxf5 67. a6 bxa6 68. c6 Bxc6 69. Bxf5 Kg8 70. Rc7 Bb5 71. Ke3 Rd4 72. Bc3 Rf4 73. Be4 Kh8 74. Re7 Kg8 75. Ra7 Kh8 76. Bb2 Rh4 77. Bc1 Rh3+ 78. Kf2 Rh4 79. Bf5 Rh5 80. Bg6 Rh2+ 81. Kg3 Rh1 82. Be3 Kg8 83. Rc7 Kh8 84. Kg2 Rh4 85. Kf2 Rh2+ 86. Kg3 Rh1 87. Bf5 Kg8 88. Bh3 Rd1 89. Bh6 Rg1+ 90. Kh2 Rg6 91. Be6+ Kh8 92. Be3 Bd3 93. Kh3 Rg7 94. Rc3 Be4 95. Ra3 f5 96. Kh4 f4 97. Bc5 f3 98. Bd6 Kh7 99. Bc4 Bf5 100. Rxf3 Rg4+ 101. Kh5 Rxc4 102. Rxf5 a5 103. Rf7+ Kg8 104. Rd7 a4 105. Kg5 Rd4 106. Kg6 Rg4+ 107. Kf6 Rf4+ 108. Ke6 Rf1 109. Bc5 Rf3 110. Ra7 a3 111. Bxa3 Rf1 112. Bc5 Rf3 113. Bd6 Rf1 114. Rd7 Rf3 115. Bc7 Rf8 116. Bd8 e4 117. Bf6 e3 118. Rg7+ Kh8 119. Re7+ Kg8 120. Rg7+ Kh8 121. Kf5 e2 122. Rg1+ Kh7 123. Rh1+ Kg8 124. Kg6 Rxf6+ 125. Kxf6 e1=Q 126. Rxe1 1-0

[Event "Athens of East GM-Open 2019"]
[Site "Madurai"]
[Date "2019.08.14"]
[Round "6.8"]
[White "Raja Rithvik R"]
[Black "Khusenkhojaev, Muhammad"]
[Result "0-1"]
[ECO "D90"]
[WhiteElo "2357"]
[BlackElo "2441"]
[Annotator "NA"]
[PlyCount "109"]
[EventDate "2019.08.11"]
[EventType "swiss"]
[EventCountry "IND"]
[SourceTitle "playchess.com"]
[Source "ChessBase"]
[SourceQuality "1"]
[TimeControl "5400+30"]

1. d4 Nf6 2. c4 g6 3. Nc3 d5 4. Nf3 Bg7 5. h4 (5. h3 dxc4 6. e4 c5 7. d5 O-O 8. Bxc4 b5 9. Nxb5 Nxe4 10. O-O Ba6 11. Qe2 Nd6 12. Nxd6 Qxd6 {0-1 (94) Meier,G (2628)-Vachier Lagrave,M (2773) Karlsruhe/Baden Baden 2019}) 5... O-O 6. cxd5 {[%emt 0:00:08] D90: Grünfeld: 4 Nf3 Bg7 sidelines} Nxd5 7. h5 c5 8. hxg6 hxg6 9. Bh6 Bxh6 10. Rxh6 Nxc3 11. bxc3 cxd4 $146 ({Predecessor:} 11... Kg7 12. Qd2 {1-0 (38) Halvax,G (2424)-Kavcic,Z (2329) Austria 2018}) 12. Qd2 Kg7 13. Rh4 Rh8 14. Rxh8 Qxh8 15. cxd4 Nd7 16. Rc1 Nf6 17. Qb4 Qd8 18. e3 Be6 19. Bc4 Rc8 20. Ne5 Nd5 21. Qd2 $17 b5 22. Bb3 Rxc1+ 23. Qxc1 Qh8 24. Kd2 Qh2 25. Qf1 a6 26. g3 a5 27. e4 Qh6+ 28. f4 Qh2+ 29. Qe2 Qxe2+ 30. Kxe2 Nc3+ 31. Kd3 Nxa2 32. d5 Nc1+ 33. Kc2 Nxb3 34. Kxb3 Bh3 35. Nc6 Bg2 36. Nxe7 Bxe4 37. Kc3 Kf6 38. Ng8+ Kg7 39. d6 b4+ 40. Kd4 Bf5 41. Ne7 Kf8 42. Nc6 b3 43. Kc3 a4 44. Ne5 f6 45. Nc4 Be6 46. Na3 Ke8 47. Kb4 Kd7 48. Kxa4 b2 49. Kb4 Bf5 50. Kc5 b1=Q 51. Nxb1 Bxb1 52. g4 Ba2 53. g5 fxg5 54. fxg5 Bf7 55. Kd4 0-1

[Event "Athens of East GM-Open 2019"]
[Site "Madurai"]
[Date "2019.08.14"]
[Round "6.9"]
[White "Laxman, R.R."]
[Black "Nikhil Magizhnan"]
[Result "1/2-1/2"]
[ECO "D40"]
[WhiteElo "2429"]
[BlackElo "2164"]
[Annotator "NA"]
[PlyCount "135"]
[EventDate "2019.08.11"]
[EventType "swiss"]
[EventCountry "IND"]
[SourceTitle "playchess.com"]
[Source "ChessBase"]
[SourceQuality "1"]
[TimeControl "5400+30"]

1. Nf3 d5 2. d4 Nf6 3. c4 e6 4. e3 Be7 5. Nc3 O-O 6. Bd3 c5 7. O-O Nc6 8. a3 b6 9. cxd5 exd5 10. Bb5 {[%emt 0:00:53] D40: Queen's Gambit Declined: Semi-Tarrasch with 5 e3} (10. h3 Bb7 11. b3 Re8 12. Ne2 Ne4 13. Bb2 Bf6 14. Qc2 cxd4 15. Nexd4 Rc8 16. Qe2 Nxd4 17. Bxd4 Bxd4 18. Nxd4 {½-½ (62) Arutinian,D (2556)-Toth,E (2477) Pardubice 2012}) 10... Bb7 11. b3 cxd4 $146 ({Predecessor:} 11... Na5 12. dxc5 bxc5 13. Bb2 Qb6 14. Ba4 Rfd8 {0-1 (26) Hilton,S (1923)-Krylov,S (2352) Rhodes 2011}) 12. Bxc6 Bxc6 13. Nxd4 Bb7 14. Bb2 Qd7 15. Qd3 Ne4 16. Rfd1 Bf6 17. Nxe4 dxe4 18. Qe2 Rfd8 19. Nb5 Qe7 20. Bxf6 Qxf6 21. Rxd8+ Rxd8 22. Nd4 Rc8 23. Qg4 Qe7 24. h3 Rd8 25. b4 Qc7 26. Rd1 Qc3 27. Kh2 Qc7+ 28. Qg3 Qxg3+ $14 29. Kxg3 g6 30. Rc1 Rd7 31. Kf4 Kg7 32. h4 h5 33. a4 a6 34. a5 bxa5 35. bxa5 Re7 36. Rb1 Bd5 37. Rb6 Bc4 38. Nc6 Re8 39. Ne5 Bf1 40. Rb7 Kg8 41. g4 hxg4 42. Nxg4 Kg7 43. Ne5 Kg8 44. Rb6 Kg7 45. Rb7 Kg8 46. Nd7 Kg7 47. Nc5 Rh8 48. Kg3 Re8 49. Rc7 Re5 50. Kf4 Rf5+ 51. Kxe4 Rxf2 52. Ne6+ Kh6 53. Nf4 Kg7 54. Ke5 Ra2 55. Ne6+ Kg8 56. Rc8+ Kh7 57. Nd4 Kg7 58. Rc5 Bb5 59. h5 Rxa5 60. hxg6 Kxg6 61. Nc6 Ra4 62. Ne7+ Kg5 63. Rc8 Kg4 64. Nd5 Kf3 65. Rf8 Re4+ 66. Kd6 Re6+ 67. Kc5 Rc6+ 68. Kd4 {[%emt 0:00:15] Ke4+ Kxe4} 1/2-1/2

[Event "Athens of East GM-Open 2019"]
[Site "Madurai"]
[Date "2019.08.14"]
[Round "6.10"]
[White "Karthikeyan, P.."]
[Black "Nayak Rajesh"]
[Result "1-0"]
[ECO "D35"]
[WhiteElo "2415"]
[BlackElo "2250"]
[Annotator "NA"]
[PlyCount "91"]
[EventDate "2019.08.11"]
[EventType "swiss"]
[EventCountry "IND"]
[SourceTitle "playchess.com"]
[Source "ChessBase"]
[SourceQuality "1"]
[TimeControl "5400+30"]

1. d4 d5 2. c4 e6 3. Nc3 Nf6 4. Bg5 Nbd7 5. cxd5 exd5 6. e3 c6 7. Bd3 Be7 8. Nge2 O-O 9. O-O Re8 10. f3 Nf8 {[%emt 0:01:18] D35: Queen's Gambit Declined: Exchange Variation} 11. Kh1 (11. Bh4 Ne6 12. Kh1 b5 13. Qc2 g6 14. a3 a5 15. Rab1 b4 16. Na4 Bb7 17. axb4 axb4 18. b3 {1-0 (37) Matlakov,M (2700)-Moroni,L (2562) Caleta 2019}) 11... Nh5 12. Bxe7 Qxe7 13. e4 dxe4 14. fxe4 Bg4 15. Qe1 $146 ({Predecessor:} 15. Qd2 Rad8 16. Qe3 Ne6 17. h3 Bxe2 18. Bxe2 {1-0 (91) Ellenbroek,T (2087)-Van Run,R (2142) Dieren 2003}) 15... Rad8 16. Bc4 Ne6 17. d5 cxd5 18. exd5 Nef4 19. Nxf4 Qxe1 20. Raxe1 $11 (20. Rd1 $2 Qxf1+ 21. Rxf1 ) 20... Rxe1 21. Rxe1 Nxf4 22. Re7 (22. Re4) 22... Bd7 23. d6 Ne6 24. Bd5 $14 b6 25. Kg1 Kf8 26. Kf2 a5 27. Ke3 h6 28. Ne4 Kg8 29. a3 Kf8 30. g3 Kg8 31. h4 Kf8 32. g4 b5 33. g5 hxg5 34. hxg5 g6 35. b4 axb4 36. axb4 Bc8 37. Bxe6 Bxe6 38. Nf6 Rc8 39. Kd4 Kg7 40. d7 Bxd7 41. Rxd7 Rc1 42. Rb7 Rd1+ 43. Kc3 Rc1+ 44. Kd2 Rc4 45. Rxb5 Rc8 46. Ne4 1-0